AoeStats
← theclaydude

Baltic

510447607Analyzed
4v4 RM · 1d ago on Oct 1, 2026· 89m 30s· 8 players
Game mode
Random Map
Map size
Large (8 player)
Population
200
Speed
Normal
Resources
Standard
Victory
Conquest
Starting age
Dark Age
Ending age
Imperial Age
RankedLock teamsTeams togetherTeam positionsShared explorationLock speedFull tech treeHidden civsTurbo modeCheats
Victory
Defeat
🇺🇸 Vikings · United States
1093
+16
🇺🇸 Wu · United States
1061
+17
🇺🇸 Spanish · United States
1047
+17
🇺🇸 Varangians · United States
997
+20
🇺🇸 Japanese · United States
1101
-18
🇺🇸 Varangians · United States
1083
-18
🇺🇸 Varangians · United States
1068
-17
🇺🇸 Teutons · United States
1061
-17
Phoenixmatthew
12:27 Feudal Age
12:59 Double-Bit Axe
14:12 Wheelbarrow
14:15 Gold Mining
14:39 Fletching
16:28 Loom
19:24 Castle Age
20:25 Medium Warships
20:12 Bodkin Arrow
20:18 Padded Archer Armor
20:38 Bow Saw
20:59 Fishing Lines
26:17 Stone Mining
27:03 Leather Archer Armor
27:38 Hand Cart
28:00 Stone Shaft Mining
30:48 Gillnets
40:21 Imperial Age
41:21 Bracer
42:25 Heavy Warships
44:44 Chemistry
44:05 Ballistics
44:55 Elite Cannon Galleon
46:55 Ring Archer Armor
50:52 Conscription
49:53 Elite Conquistador
52:43 Squires
52:29 Gambesons
52:05 Pikeman
53:08 Forging
52:58 Scale Mail Armor
52:34 Halberdier
53:51 Supremacy
54:47 Iron Casting
58:59 Blast Furnace
58:14 Chain Mail Armor
62:42 Elite Skirmisher
63:28 Thumb Ring
70:08 Two-Man Saw
70:01 Plate Mail Armor
69:37 Scale Barding Armor
72:30 Bombard Tower
77:29 Bombard Tower
dr.kevinbubbles.ph.d
0:27 Loom
14:54 Feudal Age
21:12 Castle Age
19:28 Double-Bit Axe
20:38 Horse Collar
25:25 Forging
25:40 Arson
25:41 Gambesons
27:27 Bow Saw
27:19 Heavy Plow
34:19 Iron Casting
33:45 Scale Mail Armor
33:48 Stone Mining
34:49 Wheelbarrow
34:49 Squires
41:03 Imperial Age
38:49 Hand Cart
41:24 Chain Mail Armor
41:08 Elite Varangian Guard
43:13 Two-Man Saw
43:08 Crop Rotation
51:01 Blast Furnace
50:32 Plate Mail Armor
86:50 Caravan
I can't get no mattisfaction
2:04 Loom
10:19 Feudal Age
10:54 Double-Bit Axe
13:13 Fletching
16:38 Horse Collar
20:21 Wheelbarrow
22:46 Castle Age
21:13 Scale Mail Armor
21:35 Gold Mining
22:55 Forging
23:12 Arson
23:40 Bodkin Arrow
23:48 Squires
24:21 Hand Cart
23:56 Pikeman
25:27 Chain Mail Armor
29:48 Bow Saw
29:40 Heavy Plow
29:44 Town Watch
31:37 Stone Mining
34:30 Stone Shaft Mining
34:32 Gold Shaft Mining
35:16 Treadmill Crane
38:20 Imperial Age
36:24 Ballistics
36:22 Town Patrol
37:04 Padded Archer Armor
38:22 Red Cliffs Tactics
38:51 Medium Warships
38:56 Clinker Construction
39:25 Sitting Tiger
39:48 Conscription
39:33 Bracer
40:36 Chemistry
40:53 Leather Archer Armor
40:02 Elite Fire Archer
41:16 Carvel Hull
43:02 Heavy Warships
45:55 Two-Man Saw
50:04 Bloodlines
49:55 Husbandry
51:09 Elite Skirmisher
52:21 Plate Mail Armor
52:26 Iron Casting
52:44 Elite Skirmisher
53:16 Halberdier
55:30 Blast Furnace
57:58 Scale Barding Armor
57:15 Man-at-Arms
58:31 Caravan
75:43 Heavy Scorpion
theclaydude
8:47 Loom
10:52 Feudal Age
12:41 Fishing Lines
12:56 Double-Bit Axe
14:31 Fletching
19:15 Castle Age
17:27 Town Watch
17:29 Horse Collar
17:58 Gold Mining
20:22 Medium Warships
20:03 Gillnets
21:06 Bodkin Arrow
26:41 Bow Saw
28:19 Heavy Plow
28:57 Gold Shaft Mining
28:18 Stone Mining
31:46 Ballistics
34:40 Imperial Age
31:49 Crossbowman
31:52 Elite Skirmisher
36:22 Chemistry
36:37 Two-Man Saw
35:03 Arbalester
37:42 Bracer
37:42 Padded Archer Armor
37:14 Elite Berserk
41:41 Siege Engineers
47:51 Leather Archer Armor
58:03 Ring Archer Armor
58:38 Caravan
63:22 Pikeman
64:03 Squires
63:49 Arson
NITRO_OF_THE_OLD_DOMINION
6:18 Loom
13:30 Feudal Age
13:54 Fishing Lines
14:53 Horse Collar
15:01 Double-Bit Axe
19:24 Castle Age
19:05 Bloodlines
20:22 Scale Barding Armor
23:15 Wheelbarrow
23:36 Forging
26:21 Chain Barding Armor
31:51 Fletching
32:52 Bow Saw
34:05 Bodkin Arrow
40:49 Imperial Age
40:56 Cavalier
42:23 Crenellations
43:14 Plate Barding Armor
44:03 Capped Ram
47:10 Paladin
49:49 Paladin
52:03 Iron Casting
52:22 Heavy Plow
55:11 Blast Furnace
55:52 Chemistry
54:59 Siege Engineers
55:04 Masonry
65:35 Conscription
65:51 Hoardings
83:54 Hand Cart
Varryn87
5:18 Loom
12:39 Feudal Age
13:34 Double-Bit Axe
14:18 Gold Mining
14:14 Fishing Lines
16:05 Fletching
18:39 Castle Age
19:34 Bodkin Arrow
22:08 Ballistics
27:27 Scale Mail Armor
35:16 Bloodlines
48:49 Caravan
56:17 Imperial Age
57:18 Forging
56:35 Gothikon
58:02 Elite Varangian Guard
58:27 Gambesons
58:45 Squires
63:35 Bracer
67:46 Chain Mail Armor
68:19 Iron Casting
75:27 Capped Ram
88:06 Onager
Soothing_De4tH1
3:02 Loom
12:17 Feudal Age
13:39 Horse Collar
16:43 Castle Age
16:02 Wheelbarrow
15:48 Double-Bit Axe
16:01 Fletching
16:26 Forging
17:09 Padded Archer Armor
16:59 Fletching
19:19 Elite Skirmisher
22:48 Bodkin Arrow
27:33 Gold Mining
27:41 Stone Mining
28:57 Heavy Plow
36:31 Imperial Age
35:06 Hand Cart
35:24 Scale Barding Armor
36:27 Iron Casting
36:30 Chain Barding Armor
36:25 Bloodlines
37:44 Conscription
36:46 Elite Jarl
38:32 Blast Furnace
38:37 Leather Archer Armor
38:47 Ballistics
38:42 Murder Holes
39:48 Chemistry
40:41 Bracer
41:14 Ring Archer Armor
41:43 Vendel Legacy
43:48 Siege Engineers
43:48 Scale Mail Armor
46:14 Gothikon
47:59 Masonry
48:46 Plate Barding Armor
48:58 Stone Shaft Mining
48:14 Town Watch
48:51 Chain Mail Armor
50:12 Fervor
50:04 Devotion
50:24 Husbandry
49:48 Cavalier
52:43 Cranequins
54:12 Crop Rotation
53:57 Bow Saw
55:53 Guilds
55:45 Caravan
56:37 Plate Mail Armor
59:39 Two-Man Saw
60:32 Heavy Mounted Crossbowman
VadersSon2004
10:58 Feudal Age
12:34 Fishing Lines
15:42 Castle Age
14:00 Double-Bit Axe
16:03 Loom
20:21 Wheelbarrow
22:18 Bow Saw
21:51 Horse Collar
22:14 Gillnets
23:09 Stone Mining
23:49 Gold Mining
26:20 Heavy Plow
26:58 Gold Shaft Mining
30:53 Imperial Age
28:10 Town Watch
29:02 Fletching
29:23 Guard Tower
29:53 Bodkin Arrow
31:05 Hand Cart
30:54 Padded Archer Armor
31:19 Treadmill Crane
32:01 Ballistics
33:38 Two-Man Saw
34:26 Bracer
35:29 Keep
35:31 Town Patrol
36:01 Leather Archer Armor
36:00 Arrowslits
37:16 Chemistry
36:23 Yasama
36:43 Conscription
36:55 Bloodlines
36:46 Husbandry
37:48 Masonry
38:42 Kataparuto
38:43 Conscription
38:46 Kataparuto
38:12 Heavy Cavalry Archer
39:59 Thumb Ring
40:36 Ring Archer Armor
40:06 Murder Holes
41:09 Siege Engineers
42:51 Parthian Tactics
50:29 Caravan
Connection lost

Rejoining the realm…

Still unreachable

The connection could not be restored.

Session expired

The server has moved on; the page needs a fresh start.